 Dungeon Crawl Stone Soup version 0.30-a0-341-g682706514a (webtiles) character file.

Game seed: 1111653370604870240

62 retardedninja the Trooper (level 4, 0/40 HPs)
             Began as a Hill Orc Fighter on Nov 4, 2022.
             Slain by a fire elemental (7 damage)
             ... created by the fiery vengeance of Ignis
             ... on level 2 of the Dungeon.
             The game lasted 00:01:36 (593 turns).

retardedninja the Trooper (Hill Orc Fighter)         Turns: 593, Time: 00:01:37

Health: 0/40       AC:  7    Str: 20    XL:     4   Next: 8%
Magic:  4/4        EV:  9    Int:  8    God:
Gold:   81         SH:  4    Dex:  8    Spells: 3/3 levels left

rFire   . . .      SeeInvis .    a - +0 war axe
rCold   . . .      Faith    .    c - +0 buckler
rNeg    . . .      Spirit   .    b - +0 scale mail
rPois   .          Reflect  .    (no helmet)
rElec   .          Harm     .    (no cloak)
rCorr   .          Rampage  .    (no gloves)
Will    .....                    (no boots)
Stlth   ..........               (no amulet)
HPRegen 0.26/turn                (no ring)
MPRegen 0.09/turn                (no ring)

@: fire susceptible
A: fangs 1, clumsy 1
a: no special abilities


You were on level 2 of the Dungeon.
You visited 1 branch of the dungeon, and saw 2 of its levels.

You collected 81 gold pieces.

Inventory:

Hand Weapons
 a - a +0 war axe (weapon)
Missiles
 k - 2 javelins (quivered)
Armour
 b - a +0 scale mail (worn)
 c - a +0 buckler (worn)
 l - a +0 cloak
Jewellery
 f - a ring of fire
Scrolls
 e - 3 scrolls of fear {unknown}
 i - a scroll of noise {unknown}
Potions
 d - a potion of might
 g - a potion of heal wounds {unknown}
 j - a potion of attraction {unknown}


   Skills:
 + Level 4.2 Fighting
 + Level 3.7 Axes
 + Level 3.8 Armour
 + Level 3.8 Shields


You had 3 spell levels left.
You didn't know any spells.
Your spell library contained the following spells:

 Spells                   Type           Power      Damage    Failure   Level
 Apportation              Tloc           0%         N/A       85%         1
 Necrotise                Necr           0%         1d4       85%         1
 Summon Small Mammal      Summ           0%         N/A       85%         1


Dungeon Overview and Level Annotations

Branches:
Dungeon (2/15)

Altars:
Ignis


Innate Abilities, Weirdness & Mutations

You have very sharp teeth.
You are clumsy. (Dex -2)


Message History

You closely miss Terence. Terence barely misses you.
You hit Terence but do no damage. Terence misses you.
You barely miss Terence. You block Terence's attack. x2
You barely miss Terence. Terence barely misses you.
You hit Terence but do no damage. Terence hits you with a +0 hand axe.
You hit Terence but do no damage. You block Terence's attack.
Terence hits you with a +0 hand axe.
You hit Terence but do no damage. Terence hits you with a +0 hand axe.
You slash Terence!
Terence is heavily wounded.
Terence hits you but does no damage. Terence closely misses you.
You hit Terence.
Terence is heavily wounded.
Terence hits you with a +0 hand axe.
You hit Terence.
Terence is heavily wounded.
Terence hits you with a +0 hand axe.
You hit Terence.
Terence is heavily wounded.
Terence hits you with a +0 hand axe. Terence barely misses you.
You slash Terence!
Terence is almost dead.
Terence barely misses you.
You hit Terence.
You kill Terence!
You have reached level 4!
Ignis calls forth spirits of fire to unmake you! 3 fire elementals come into view.
There are monsters nearby!
There are monsters nearby!
The fire elemental completely misses you.
The fire elemental hits you. The fire elemental burns you!
The fire elemental barely misses you. The fire elemental hits you.
The fire elemental burns you!
* * * LOW HITPOINT WARNING * * *
It was a potion of mutation.
You feel extremely strange.
Your teeth lengthen and sharpen.
You feel clumsy. The fire elemental closely misses you.
The fire elemental hits you. The fire elemental burns you!
You die...

.. .....!.....#.. .
#.......(.....#.# .# .
#.............#.##.
..#...##........#..[ #
................#..# ##..
....##.........#..##.....
##..##$.....†.#......#
#......○E@......<.?#
.?##..○☼EE.##†.)...#
#...†)○○☼..........#
......°..............#
#......##..##.#......#
...#...................
.. #>...##..............
. #..#. #..............#
...# ...............#


You could see 3 fire elementals.

Vanquished Creatures
  Terence (D:2)
  An adder (D:2)
  A worm (D:2)
  A ball python (D:2)
  2 endoplasms (D:1)
  2 giant cockroaches (D:1)
  2 goblins
  3 hobgoblins (D:1)
  4 jackals (D:1)
  3 bats
  A frilled lizard (D:1)
  A kobold (D:1)
  A rat (D:1)
23 creatures vanquished.

Notes
Turn   | Place    | Note
-------+----------+-------------------------------------------
     0 | D:1      | retardedninja the Hill Orc Fighter began the quest for the
                  | Orb.
     0 | D:1      | Reached XP level 1. HP: 19/19 MP: 1/1
    94 | D:1      | Found a faded altar of an unknown god.
   159 | D:1      | Reached XP level 2. HP: 27/27 MP: 2/2
   521 | D:1      | Prayed at the altar of an unknown god.
   521 | D:1      | Became a worshipper of Ignis, the Dying Flame
   522 | D:1      | Fell from the grace of Ignis
   541 | D:2      | Reached skill level 4 in Fighting
   541 | D:2      | Reached XP level 3. HP: 33/33 MP: 3/3
   558 | D:2      | Noticed Terence
   577 | D:2      | Killed Terence
   578 | D:2      | Reached XP level 4. HP: 22/40 MP: 4/4
   588 | D:2      | Noticed a fire elemental
   588 | D:2      | Noticed a fire elemental
   588 | D:2      | Noticed a fire elemental
   593 | D:2      | Gained mutation: You have very sharp teeth. [potion of
                  | mutation]
   593 | D:2      | Gained mutation: You are clumsy. (Dex -2) [potion of
                  | mutation]
   593 | D:2      | Slain by a fire elemental

Illustrated notes

Levels and vault maps discovered:
D:1:      dpeg_arrival_stone_temple_mockup, layout_rooms,
          ebering_ecumenical_altar_sacrificial, minmay_misc_feat_more_columns,
          minmay_hedge_maze, minmay_pentomino_t2
D:2:      layout_rooms, uniq_terence, uniq_crazy_yiuf_cottage

Skill      XL: |  1  2 |
---------------+-------+-----
Axes           | 3 |  3.7
Fighting       | 4 |  4.2
Armour         | |  3.8
Shields        | |  3.8

Action                   |  1- 3 |  4- 6 || total
-------------------------+-------+-------++-------
Melee: War axe           |    55 |       ||    55
Throw: Javelin           |     8 |       ||     8
Invok: Renounce Religion |     1 |       ||     1
  Use: Potion            |       |     1 ||     1
Armor: Scale mail        |    33 |     2 ||    35
Dodge: Dodged            |    43 |     3 ||    46
Block: Buckler           |    14 |       ||    14

Table legend: (Time is in decaauts)
 A = Elapsed time spent in this place.
 B = Non-inter-level travel time spent in this place.
 C = Inter-level travel time spent in this place.
 D = Time resting spent in this place.
 E = Time spent auto-exploring this place.
 F = Levels seen in this place.
 G = Mean time per level.
                   A        B        C        D        E       F      G
               +--------+--------+--------+--------+--------+-----+--------+
         Total |    618 |    561 |     57 |      0 |    403 |   2 |  309.0 |
       Dungeon |    618 |    561 |     57 |      0 |    403 |   2 |  309.0 |
               +--------+--------+--------+--------+--------+-----+--------+

Top non-repeatable levels by time:
     D:1: 545 daAuts
     D:2: 72 daAuts
